 Dungeon Crawl Stone Soup version 0.31-a0-193-gdfe2569204 (webtiles) character file.

Game seed: 16703058733514421252

22 qw the Shooter (level 2, -1/16 HPs)
             Began as a Deep Elf Hunter on June 24, 2023.
             Succumbed to their own poison gas
             ... on level 1 of the Dungeon.
             The game lasted 00:00:17 (761 turns).

qw the Shooter (Deep Elf Hunter)                     Turns: 761, Time: 00:00:17

Health: -1/16      AC:  6    Str:  8    XL:     2   Next: 68%
Magic:  4/4        EV: 10    Int: 13    God:
Gold:   56         SH:  0    Dex: 18    Spells: 1/1 levels left

rFire   . . .        Y - +0 shortbow
rCold   + . .        (shield currently unavailable)
rNeg    . . .        d - +0 ring mail
rPois   .            (no helmet)
rElec   .            (no cloak)
rCorr   .            (no gloves)
SInv    .            f - +0 pair of boots
Will    .....        (no amulet)
Stlth   +            b - ring of protection from cold
HPRegen 0.22/turn    (no ring)
MPRegen 0.09/turn

%: no passive effects
@: lethally poisoned (-1 -> -14), weak-willed
A: no striking features
a: no special abilities


You were on level 1 of the Dungeon.
You visited 1 branch of the dungeon, and saw 2 of its levels.

You collected 56 gold pieces.


   Skills:
 - Level 1.5 Fighting
 + Level 6.4 Ranged Weapons
 - Level 2.4 Dodging
 - Level 1.2 Stealth


You had one spell level left.
You didn't know any spells.
Your spell library was empty.

Inventory:

Hand Weapons
 Y - a +0 shortbow (weapon)
Armour
 d - a +0 ring mail (worn)
 f - a +0 pair of boots (worn)
Jewellery
 b - a ring of protection from cold (left hand)
Scrolls
 a - a scroll of identify
Potions
 g - a potion of enlightenment
 h - a potion of attraction {unknown}

Dungeon Overview and Level Annotations

Branches:
Dungeon (2/15)

Altars:


Message History

Done exploring.
755 ||| READING 3 scrolls labelled LEKHLY JEJIKK.
As you read the scroll labelled LEKHLY JEJIKK, it crumbles to dust.
It is a scroll of identify.
Really abort (and waste the scroll)?
Done exploring.
756 ||| READING scroll labelled HOV CUROFE.
The air fills with toxic fumes!
As you read the scroll labelled HOV CUROFE, it crumbles to dust.
It was a scroll of poison.
Done exploring.
757 ||| READING scroll labelled OLEOSI TALE.
As you read the scroll labelled OLEOSI TALE, it crumbles to dust.
Magic quickly surges around you.
It was a scroll of vulnerability.
Done exploring.
758 ||| READING 2 scrolls of identify.
As you read the scroll of identify, it crumbles to dust.
g - a potion of enlightenment;
758 ||| IDENTIFYING smoky dark potion Done exploring.
(D) Dungeon
Where to? (* - list waypoints, Enter - D:1, ? - help)
What level of the Dungeon? (default 1, ? - help) Sorry, I don't know how to get there.
Enter note:
Enter note:
Enter note:
Enter note:
Enter note:
Enter note:
Enter note:
Enter note:
Enter note: Really walk into that cloud of poison gas?
You are engulfed in poison gas.
You are lethally poisoned!
You feel very sick.
760 ||| Stepping ~*~*~tactically~*~*~ (cloud).
You feel very sick.
There is a lethal amount of poison in your body!
You die...

#.........#.#
..######..#.######
########........¤#
..............(#0#
########.......#¤#
...........#####¤#
######.......# #¤#
# #...¤0#¤###¤# #
#.#.#¤¤¤¤0¤@# #
#.#.#¤¤¤##¤## #
#.#.¤...##¤# #
#.#.#..###¤#
######.#.#..# #¤#
............# #¤#
...#####.#.## #¤#
.#.# #.#.# #¤#
.#.#####.#.####.#


There were no monsters in sight!

Vanquished Creatures
  A dart slug (D:1)
  4 ball pythons (D:1)
  2 endoplasms (D:1)
  A giant cockroach (D:1)
  3 hobgoblins (D:1)
  A kobold (D:1)
  A quokka (D:1)
  2 bats (D:1)
  2 frilled lizards
  A goblin (D:1)
  A rat (D:1)
19 creatures vanquished.

Notes
Turn   | Place    | Note
-------+----------+-------------------------------------------
     0 | D:1      | qw the Deep Elf Hunter began the quest for the Orb.
     0 | D:1      | Reached XP level 1. HP: 12/12 MP: 3/3
     0 | D:1      | 0 ||| qw: Version: 0.3-a-9-g12657ce
     0 | D:1      | 0 ||| qw: Game counter: 4674
     0 | D:1      | 0 ||| qw: Always use a shield: true
     0 | D:1      | 0 ||| qw: God list: Okawaru
     0 | D:1      | 0 ||| qw: Allow faded altars: false
     0 | D:1      | 0 ||| qw: Do Orc after D:15 true
     0 | D:1      | 0 ||| qw: Do second Lair branch before Depths: true
     0 | D:1      | 0 ||| qw: Lair rune preference: random
     0 | D:1      | 0 ||| qw: Plans: Normal
     0 | D:1      | 0 ||| PLANNING D:1-11
    26 | D:1      | You fall into a shaft and drop 1 floor!
    36 | D:2      | 36 ||| UPGRADING to +0 ring mail.
    46 | D:2      | 46 ||| DROPPING +0 leather armour.
    47 | D:2      | 47 ||| DROPPING scroll of butterflies.
   155 | D:1      | Reached XP level 2. HP: 16/16 MP: 4/4
   181 | D:1      | Reached skill level 6 in Ranged Weapons
   397 | D:1      | Found a faded altar of an unknown god.
   749 | D:1      | 749 ||| UPGRADING to +0 pair of boots.
   754 | D:1      | 754 ||| UPGRADING to ring of protection from cold.
   755 | D:1      | 755 ||| READING 3 scrolls labelled LEKHLY JEJIKK.
   756 | D:1      | 756 ||| READING scroll labelled HOV CUROFE.
   757 | D:1      | 757 ||| READING scroll labelled OLEOSI TALE.
   758 | D:1      | 758 ||| READING 2 scrolls of identify.
   758 | D:1      | 758 ||| IDENTIFYING smoky dark potion
   760 | D:1      | 760 ||| Stepping ~*~*~tactically~*~*~ (cloud).
   760 | D:1      | HP: 1/16 [poisoned by you (poison gas)]
   761 | D:1      | Succumbed to their own poison gas

Levels and vault maps discovered:
D:1:      dpeg_arrival_arbitrary_c, layout_loops_ring,
          shapermc_ecumenical_altar_hornbeckon, st_stairs_3,
          kennysheep_pointless_box, minmay_split_cup_small
D:2:      minmay_general_purpose_star, layout_basic

Skill      XL: |  1  2 |
---------------+-------+-----
Ranged Weapons | 6 |  6.4
Fighting       | |  1.5
Dodging        | |  2.4
Stealth        | |  1.2

Action                     || total
---------------------------++-------
   Fire: Shortbow          ||    53
    Use: Scroll            ||     4
 Armour: Ring mail         ||     8
  Dodge: Dodged            ||    11

Table legend:
 A = Non-vault XP
 B = Vault XP
 C = Vault XP percentage of total XP
 D = Non-vault monster count
 E = Vault monster count
 F = Vault count percentage of total count
                 A         B        C        D         E       F
            +---------+---------+-------+---------+---------+-------
      Total |      23 |       9 |  28.1 |      14 |       5 |  26.3
            +---------+---------+-------+---------+---------+-------
        D:1 |      22 |       9 |  29.0 |      13 |       5 |  27.8
        D:2 |       1 |       0 |   0.0 |       1 |       0 |   0.0
            +---------+---------+-------+---------+---------+-------
